 Dungeon Crawl Stone Soup version 0.27-a0-1137-g3ef0f4ec91 (webtiles) character file.

Game seed: 9227338498920183077

26 kae the Skirmisher (level 2, 0/24 HPs)
             Began as a Demonspawn Abyssal Knight on May 6, 2021.
             Was a Follower of Lugonu.
             Succumbed to an adder's poison
             ... on level 2 of the Dungeon.
             The game lasted 00:00:45 (1183 turns).

kae the Skirmisher (Demonspawn Abyssal Knight)      Turns: 1183, Time: 00:00:45

Health: 0/24       AC:  3    Str: 12    XL:     2   Next: 89%
Magic:  4/4        EV: 10    Int: 13    God:    Lugonu [*.....]
Gold:   41         SH:  3    Dex: 12    Spells: 1/1 levels left

rFire    . . .     SeeInvis .   a - +1 falchion
rCold    . . .     Faith    .   d - +0 buckler
rNeg     . . .     Spirit   .   b - +0 leather armour
rPois    .         Reflect  .   (no helmet)
rElec    .         Harm     .   (no cloak)
rCorr    .         Rampage  .   (no gloves)
Will     .....                  (no boots)
Stlth    +.........             (no amulet)
HPRegen  0.08/turn              (no ring)
MPRegen  0.09/turn              (no ring)

@: mighty, lethally poisoned (0 -> -3)
A: demonic guardian 1
a: Renounce Religion, Depart the Abyss


You were on level 2 of the Dungeon.
You worshipped Lugonu.
Lugonu was aware of your devotion.
You visited 1 branch of the dungeon, and saw 2 of its levels.
You visited the Abyss 1 time.

You collected 41 gold pieces.

Inventory:

Hand Weapons
 a - a +1 falchion (weapon)
Armour
 b - a +0 leather armour (worn)
 d - a +0 buckler (worn)
Jewellery
 f - a ring of poison resistance
Scrolls
 c - a scroll of identify {unknown}
 g - 2 scrolls of enchant armour {unknown}
 h - a scroll of torment {unknown}
Potions
 i - a potion of curing {unknown}
 j - a potion of flight {unknown}


   Skills:
 + Level 3.1 Fighting
 * Level 2.1 Long Blades
 - Level 2.0 Armour
 * Level 1.5 Dodging
 + Level 0.5 Shields
 + Level 2.8 Invocations


You had one spell level left.
You didn't know any spells.
Your spell library contained the following spells:

 Spells                   Type           Power      Damage    Failure   Level
 Summon Small Mammal      Summ           0%         N/A       52%         1
 Call Imp                 Summ           0%         N/A       67%         2
 Call Canine Familiar     Summ           0%         N/A       88%         3
 Summon Guardian Golem    Hex/Summ       0%         N/A       88%         3
 Summon Ice Beast         Ice/Summ       0%         N/A       99%         4
 Summon Lightning Spire   Summ/Air       0%         N/A       99%         4


Dungeon Overview and Level Annotations

Branches:
Dungeon (2/15)

Altars:


Innate Abilities, Weirdness & Mutations

A weak demonic guardian rushes to your aid.


Message History

You feel sick. The adder barely misses you.
You riposte.
You miss the adder.
The adder is heavily wounded.
You block the adder's attack.
You closely miss the adder.
The adder is heavily wounded.
You feel sick.
You are no longer poisoned.
The adder barely misses you.
You riposte.
You barely miss the adder.
The adder is heavily wounded.
You block the adder's attack.
You hit the adder but do no damage.
The adder is heavily wounded.
The adder closely misses you. x2
You hit the adder but do no damage.
The adder is heavily wounded.
You block the adder's attack.
You closely miss the adder.
The adder is heavily wounded.
The adder bites you. The adder misses you.
You miss the adder.
The adder is heavily wounded.
The adder bites you.
* * * LOW HITPOINT WARNING * * *
A demonic guardian appears!
You are lethally poisoned!
The adder poisons you! The adder bites you but does no damage.
You miss the adder.
The adder is heavily wounded.
* * * LOW HITPOINT WARNING * * *
You feel sick.
Your ufetubus hits the adder.
Your ufetubus barely misses the adder.
The adder closely misses you.
Your ufetubus hits the adder.
The adder dies!
Lugonu accepts your kill.
* * * LOW HITPOINT WARNING * * *
You feel sick.
You see here an adder corpse.
It was a potion of might.
You feel very mighty all of a sudden.
You die...

#.#####. ######.#####.
############..........#.
...........#..........#.
_..........#..........#.
...........######'#####.
...........# #.# #.
......5....# #.# #.
...?.?.@...######.# #.
...........#......# #.
.....$.....#.##########.
.....##.####..........#.
(.... #..# #..........'.
.....###.###..........##
..............>.........
.....###.###.#.#########
## #.. #....# #<#


You could see a friendly ufetubus (summoned).

Vanquished Creatures
  3 ball pythons (D:1)
  A bat (D:1)
  An endoplasm (D:1)
  A goblin (D:1)
  3 hobgoblins
  3 jackals (D:1)
  2 quokkas (D:1)
  A frilled lizard (D:1)
  2 rats (D:1)
17 creatures vanquished.

Vanquished Creatures (collateral kills)
  An adder (D:2)
1 creature vanquished.

Grand Total: 18 creatures vanquished

Notes
Turn   | Place    | Note
-------+----------+-------------------------------------------
     0 | Abyss:1  | kae the Demonspawn Abyssal Knight began the quest for the
                  | Orb.
     0 | Abyss:1  | Reached XP level 1. HP: 18/18 MP: 2/2
   126 | Abyss:1  | Noticed a large abomination
   167 | Abyss:1  | Noticed a yellow draconian
   169 | D:1      | Escaped the Abyss
   264 | D:1      | Reached skill level 1 in Dodging
   493 | D:1      | Reached * piety under Lugonu
   516 | D:1      | Gained mutation: A weak demonic guardian rushes to your
                  | aid. [demonic ancestry]
   516 | D:1      | Reached XP level 2. HP: 20/24 MP: 3/3
  1168 | D:2      | Found a faded altar of an unknown god.
  1182 | D:2      | HP: 1/24 [poisoned by an adder]
  1183 | D:2      | Succumbed to an adder's poison

Illustrated notes

Levels and vault maps discovered:
D:1:      nagdon_arrival_double_spiral, layout_basic
D:2:      layout_basic, basic_ecumenical_altar, uniq_robin

Skill      XL: |  1  2 |
---------------+-------+-----
Dodging        | 1 |  1.5
Armour         | 2 |  2.0
Long Blades    | 2 |  2.1
Fighting       | |  3.1
Shields        | |  0.5
Invocations    | |  2.8

Action                   || total
-------------------------++-------
Melee: Falchion          ||    43
Invok: Depart the Abyss  ||     1
  Use: Potion            ||     1
 Stab: Sleeping          ||     1
Armor: Leather armour    ||    10
Dodge: Dodged            ||    23
Block: Buckler           ||     8
       Rpst.: Falchion   ||     7

Table legend: (Time is in decaauts)
 A = Elapsed time spent in this place.
 B = Non-inter-level travel time spent in this place.
 C = Inter-level travel time spent in this place.
 D = Time resting spent in this place.
 E = Time spent auto-exploring this place.
 F = Levels seen in this place.
 G = Mean time per level.
                   A        B        C        D        E       F      G
               +--------+--------+--------+--------+--------+-----+--------+
         Total |   1232 |   1202 |     30 |    209 |    833 |   3 |  410.7 |
       Dungeon |   1063 |   1033 |     30 |    209 |    709 |   2 |  531.5 |
         Abyss |    169 |    169 |      0 |      0 |    124 |   1 |  169.0 |
               +--------+--------+--------+--------+--------+-----+--------+

Top non-repeatable levels by time:
     D:1: 961 daAuts
 Abyss:1: 169 daAuts
     D:2: 101 daAuts
